 Dungeon Crawl Stone Soup version 0.28.0-43-g3370ac3207 (webtiles) character file.

Game seed: 12520239603131188542

2808 crimpus the Spear-Bearer (level 9, -9/73 HPs)
             Began as a Merfolk Berserker on Mar 27, 2022.
             Was a High Priest of Trog.
             Mangled by an orc warrior
             ... wielding a +0 war axe
              (22 damage)
             ... in a bailey.
             The game lasted 00:12:24 (8192 turns).

crimpus the Spear-Bearer (Merfolk Berserker)        Turns: 8192, Time: 00:12:25

Health: -9/73      AC:  4    Str: 18    XL:     9   Next: 72%
Magic:  18/18      EV: 17    Int:  6    God:    Trog [*****.]
Gold:   223        SH:  6    Dex: 20    Spells: 8/8 levels left

rFire   . . .      SeeInvis +   i - +8 war axe "Atyngod" {elec, Will+ MP+9 Dex+3 SInv}
rCold   . . .      Faith    .   q - +0 buckler
rNeg    . . .      Spirit   .   b - +1 animal skin
rPois   .          Reflect  .   A - +0 helmet
rElec   .          Harm     .   e - scarf {repulsion}
rCorr   +          Rampage  .   (no gloves)
Will    +....                   (no boots)
Stlth   ++++......              x - amulet of regeneration
HPRegen 1.02/turn               n - ring of resist corrosion
MPRegen 0.16/turn               (no ring)

@: repel missiles
A: (nimble swimmer 2), mertail
a: Renounce Religion, Berserk, Trog's Hand, Brothers in Arms


You were in a bailey.
You worshipped Trog.
Trog was extremely pleased with you.
You visited 1 branch of the dungeon, and saw 7 of its levels.
You also visited: Sewer and Bailey.

You collected 223 gold pieces.

Inventory:

Hand Weapons
 i - the +8 war axe "Atyngod" (weapon) {elec, Will+ MP+9 Dex+3 SInv}
   (You found it on level 4 of the Dungeon)

   It occasionally discharges a powerful burst of electricity upon striking a
   foe.
   Dex:       It affects your dexterity (+3).
   MP:        It affects your magic capacity (+9).
   SInv:      It lets you see invisible.
   Will:      It increases your willpower.
 o - a +2 spear of venom
Armour
 b - a +1 animal skin (worn)
 e - a scarf of repulsion (worn)
 q - a +0 buckler (worn)
 y - a scarf of resistance
 A - a +0 helmet (worn)
Jewellery
 n - a ring of resist corrosion (left hand)
 x - an amulet of regeneration (around neck)
Wands
 j - a wand of polymorph (13)
 m - a wand of flame (46)
 p - a wand of paralysis (10)
Scrolls
 c - a scroll of fog
 g - 2 scrolls of fear
 k - a scroll of teleportation
 t - 2 scrolls of enchant weapon
 B - a scroll of magic mapping {unknown}
Potions
 a - 4 potions of brilliance
 d - 5 potions of flight
 f - 2 potions of cancellation
 l - 2 potions of curing
 r - a potion of attraction
 s - 2 potions of magic
 u - a potion of invisibility
 v - a potion of berserk rage
 w - a potion of haste {unknown}
 z - a potion of lignification {unknown}
 C - a potion of might {unknown}


   Skills:
 * Level 7.7 Fighting
 * Level 9.5 Polearms
 - Level 1.6 Armour
 * Level 7.7 Dodging
 * Level 8.1 Stealth
 * Level 3.7 Shields


You had 8 spell levels left.
You didn't know any spells.
Your spell library was empty.

Dungeon Overview and Level Annotations

Branches:
Dungeon (7/15)              Sewer (visited)          Bailey (1/1)
 Temple: D:4-7

Altars:
Cheibriados
Kikubaaqudgha
Yredelemnul
The Shining One

Shops:
D:6 :

Annotations:
D:4 2 transporters, issech's ghost, amateur TrMo


Innate Abilities, Weirdness & Mutations

((You are very nimble when in or above water. (Stealth+, EV+, Speed+++)))
Your lower body shifts to a powerful aquatic tail in water.


Message History

a +0 war axe; a +0 ring mail You barely miss the orc warrior.
The orc warrior is heavily wounded.
The orc warrior barely misses you.
You barely miss the orc warrior.
The orc warrior is heavily wounded.
The orc warrior hits you with a +0 war axe.
The orc warrior hits you with a +0 war axe!
You closely miss the orc warrior.
The orc warrior is heavily wounded.
You barely miss the orc warrior. The orc warrior misses you.
The orc warrior hits you with a +0 war axe.
You barely miss the orc warrior.
The orc warrior is heavily wounded.
You hit the orc warrior.
Lightning courses through the orc warrior!
The orc warrior hits you with a +0 war axe!
The orc warrior closely misses you. The orc warrior misses you.
The kobold throws a boomerang.
You block the boomerang.
You are too injured to fight recklessly!
Unknown command.
You are too injured to fight recklessly!
Unknown command.
You are too injured to fight recklessly!
You closely miss the orc warrior.
The orc warrior is heavily wounded.
You barely miss the orc warrior.
The orc warrior hits you with a +0 war axe.
The orc warrior barely misses you.
The kobold throws a boomerang.
The boomerang hits you. The orc warrior barely misses you.
You slash the orc warrior!
The orc warrior is severely wounded.
You hit the orc warrior.
The orc warrior hits you with a +0 war axe!
* * * LOW HITPOINT WARNING * * *
The kobold throws a boomerang.
The boomerang misses you.
The orc warrior hits you with a +0 war axe.
* * * LOW HITPOINT WARNING * * *
The orc warrior hits you with a +0 war axe!!
You die...

#..∩.o..(.####
##.......###
##.....####
##...####
###...##
##.....##
##......g##
#......Koo#
#....∩..@.#
#.........#
##.......##
###...###
#####


You could see 2 orc warriors, a hobgoblin and a kobold.

Vanquished Creatures
  A wyvern (D:7)
  Edmund (D:4)
  Menkaure (D:6)
  4 orc warriors
  2 sky beasts (D:6)
  An ice beast (D:6)
  2 ogres
  A centaur (D:4)
  2 phantoms
  A kobold brigand (D:7)
  2 bullfrogs (Sewer)
  A scorpion (D:6)
  8 wights (D:6)
  A centaur zombie (D:7)
  2 bullfrog skeletons
  2 jellies
  3 orc priests
  A centaur skeleton (D:5)
  An iguana (D:5)
  A scorpion zombie (D:5)
  Natasha (thrice) (D:4)
  3 orc wizards
  A hound skeleton (D:3)
  5 gnolls
  3 river rats (Sewer)
  15 adders
  A white imp (D:6)
  2 worms
  10 orcs
  6 endoplasms
  5 giant cockroaches
  6 hobgoblins
  4 jackals
  5 quokkas
  15 ball pythons
  A bat (D:2)
  10 frilled lizards
  12 kobolds
  32 rats
  A spectral orc (D:3)
178 creatures vanquished.

Vanquished Creatures (others)
  9 withered plants (D:3)
9 creatures vanquished.

Grand Total: 187 creatures vanquished

Notes
Turn   | Place    | Note
-------+----------+-------------------------------------------
     0 | D:1      | crimpus the Merfolk Berserker began the quest for the Orb.
     0 | D:1      | Reached XP level 1. HP: 18/18 MP: 1/1
   483 | D:1      | Reached XP level 2. HP: 24/24 MP: 2/2
   634 | D:1      | Reached skill level 5 in Polearms
  1174 | D:2      | Reached XP level 3. HP: 29/29 MP: 3/3
  2240 | D:2      | Reached ** piety under Trog
  2518 | D:3      | Found a basalt altar of Yredelemnul.
  2723 | D:3      | Reached XP level 4. HP: 26/37 MP: 4/4
  3066 | D:3      | Found a faded altar of an unknown god.
  3078 | D:3      | Reached skill level 1 in Stealth
  3669 | D:4      | Found a glowing golden altar of the Shining One.
  3701 | D:4      | Found a transporter.
  3705 | D:4      | Noticed a phantom
  3722 | D:4      | Noticed issech's ghost (amateur TrMo)
  3743 | D:4      | Reached skill level 6 in Polearms
  3748 | D:4      | Found a transporter.
  3754 | D:4      | Identified the +8 war axe "Atyngod" {elec, Will+ MP+9 Dex+3
                  | SInv}
  3849 | D:4      | Reached XP level 5. HP: 42/42 MP: 5/5
  3868 | D:4      | Noticed a phantom
  3876 | D:4      | Killed a phantom
  4085 | D:4      | Noticed Natasha
  4090 | D:4      | Killed Natasha
  4095 | D:4      | Noticed Natasha
  4101 | D:4      | Killed Natasha
  4102 | D:4      | Reached skill level 7 in Polearms
  4102 | D:4      | Reached XP level 6. HP: 43/48 MP: 6/6
  4136 | D:4      | Noticed Edmund
  4157 | D:4      | Noticed Natasha
  4635 | D:4      | Killed Edmund
  4881 | D:4      | Reached skill level 1 in Shields
  4881 | D:4      | Reached XP level 7. HP: 49/55 MP: 7/7
  4934 | D:4      | Killed Natasha
  5196 | D:5      | Entered Level 5 of the Dungeon
  5282 | D:5      | Reached skill level 5 in Fighting
  5282 | D:5      | Reached skill level 8 in Polearms
  5294 | D:5      | Found an ancient bone altar of Kikubaaqudgha.
  5441 | D:5      | Reached *** piety under Trog
  5493 | D:5      | Found a glowing drain.
  5497 | Sewer    | Entered a sewer
  5669 | Sewer    | Reached **** piety under Trog
  5686 | Sewer    | Reached skill level 5 in Stealth
  5744 | Sewer    | Reached XP level 8. HP: 51/62 MP: 8/8
  5747 | Sewer    | Reached skill level 5 in Dodging
  6628 | D:6      | Found Archueto's Book Shop.
  6681 | D:6      | Reached XP level 9. HP: 37/71 MP: 9/9
  7104 | D:6      | Noticed Menkaure
  7108 | D:6      | Killed Menkaure
  7109 | D:6      | Reached skill level 9 in Polearms
  7694 | D:6      | Found a snail-covered altar of Cheibriados.
  7715 | D:7      | Found a flagged portal.
  7720 | D:7      | Reached ***** piety under Trog
  7754 | Bailey   | Entered a bailey
  8192 | Bailey   | Mangled by an orc warrior

Illustrated notes

Levels and vault maps discovered:
D:1:      denvon_arrival_waterhouse, layout_basic
D:2:      layout_basic
D:3:      layout_basic, yredelemnul_forgotten_temple_becter,
          ebering_ecumenical_altar_petrified
D:4:      layout_basic, kennysheep_little_box, gammafunk_ghost_arena,
          uniq_natasha, uniq_edmund
D:5:      layout_loops_ring, mainiacjoe_overflow_surrounded_room,
          gup_sewer_entry_spiral
D:6:      layout_loops_ring, slow_altar_2, serial_shops, nicolae_square_shop,
          uniq_menkaure
D:7:      layout_basic, nicolae_overflow_crystal_walls,
          minmay_temple_entry_poolview, enter_bailey_2, grunt_potential
Bailey:   bailey_axe_4, bailey

Skill      XL: |  1  2  3  4  5  6  7  8  9 |
---------------+----------------------------+-----
Polearms       | 5 6 7 8 9 |  9.5
Dodging        | 3 4 6 7 |  7.7
Stealth        | 2 3 5 7 8 |  8.1
Fighting       | 4 5 6 7 |  7.7
Shields        | 1 2 3 |  3.7
Armour         | |  1.6

Action                   |  1- 3 |  4- 6 |  7- 9 || total
-------------------------+-------+-------+-------++-------
Melee: Spear             |   137 |    41 |       ||   178
       Punch             |     1 |     2 |       ||     3
       War axe           |       |    32 |   216 ||   248
       Tailslap          |       |       |     1 ||     1
Invok: Berserk           |     1 |       |       ||     1
  Use: Scroll            |     3 |     8 |     7 ||    18
       Potion            |       |     2 |       ||     2
 Stab: Sleeping          |     3 |     3 |    16 ||    22
       Distracted        |       |       |     1 ||     1
Armor: Animal skin       |     4 |    11 |    25 ||    40
Dodge: Dodged            |    44 |    35 |   207 ||   286
       Repelled          |       |       |     1 ||     1
Block: Buckler           |       |     7 |    59 ||    66
